 Dungeon Crawl Stone Soup version 0.31-a0-963-ga325b2283a (webtiles) character file.

Game seed: 15165439706722406720

455 Zonian the Conjurer (level 6, -10/32 HPs)
             Began as a Deep Elf Conjurer on Oct 24, 2023.
             Mangled by a two-headed ogre
             ... wielding a +0 giant club
              (18 damage)
             ... on level 5 of the Dungeon.
             The game lasted 00:07:54 (6157 turns).

Zonian the Conjurer (Deep Elf Conjurer)             Turns: 6157, Time: 00:07:55

Health: -10/32     AC:  5    Str:  4    XL:     6   Next: 76%
Magic:  10/16      EV: 13    Int: 25    God:
Gold:   183        SH:  0    Dex: 13    Spells: 9/15 levels left

rFire   . . .        g - +0 dagger
rCold   . . .        (no shield)
rNeg    . . .        a - +0 robe
rPois   .            (no helmet)
rElec   .            (no cloak)
rCorr   +            w - +0 pair of gloves
SInv    .            t - +1 pair of boots
Will    +....        (no amulet)
Stlth   +++          h - ring of willpower
HPRegen 0.25/turn    u - ring of resist corrosion
MPRegen 0.15/turn

%: no passive effects
@: no status effects
A: no striking features
a: no special abilities


You were on level 5 of the Dungeon.
You visited 1 branch of the dungeon, and saw 5 of its levels.

You collected 183 gold pieces.

Inventory:

Hand Weapons
 c - a +0 hand axe
 g - a +0 dagger (weapon)
 j - a +0 sling
Missiles
 q - 7 poisoned darts
Armour
 a - a +0 robe (worn)
 t - a +1 pair of boots (worn)
 w - a +0 pair of gloves (worn)
Jewellery
 h - a ring of willpower (left hand)
 u - a ring of resist corrosion (right hand)
Talismans
 l - a serpent talisman
Wands
 o - a wand of flame (30)
 s - a wand of mindburst (18)
Scrolls
 f - a scroll of amnesia {unknown}
 k - 2 scrolls of teleportation
 n - a scroll of noise {unknown}
 x - a scroll of fog {unknown}
Potions
 b - 2 potions of magic
 e - a potion of invisibility
 i - a potion of brilliance
 m - a potion of might {unknown}
 p - a potion of curing
 r - a potion of ambrosia {unknown}
 v - a potion of heal wounds {unknown}


   Skills:
 + Level 4.7 Dodging
 + Level 5.0 Stealth
 + Level 5.3 Spellcasting
 + Level 5.8 Conjurations
 + Level 2.0 Hexes


You had 9 spell levels left.
You knew the following spells:

 Your Spells              Type           Power      Damage    Failure   Level
a - Magic Dart            Conj           100%       1d8       1%          1
b - Searing Ray           Conj           70%        2d7       1%          2
c - Dazzling Flash        Conj/Hex       52%        N/A       4%          3

Your spell library contained the following spells:

 Spells                   Type           Power      Damage    Failure   Level
 Freeze                   Ice            24%        1d4       8%          1
 Hailstorm                Conj/Ice       21%        3d6       8%          3
 Fulminant Prism          Conj/Hex       13%        3d9       16%         4
 Frozen Ramparts          Ice            12%        1d2       24%         3
 Iskenderun's Mystic Bla  Conj/Tloc      21%        2d6       24%         4


Dungeon Overview and Level Annotations

Branches:
Dungeon (5/15)
 Temple: D:4-7

Altars:

Shops:
D:3 [

Annotations:
D:4 Dowan, Duvessa


Message History

You start resting.
An orc comes into view. It is wielding a +0 club.
An orc is nearby!
An orc is nearby!
An orc is nearby!
There is a stone staircase leading down here.
The magic dart hits the orc!
You kill the orc!
You can't see any susceptible monsters within range! (Use Z to cast anyway.)
You can't see any susceptible monsters within range! (Use Z to cast anyway.) Unknown command.
There is a stone staircase leading down here.
You start resting.
HP restored.
You start resting.
Magic restored.
Unknown command.
Found a robe.
A two-headed ogre comes into view.
It is wielding a +0 giant club and a +0 giant spiked club.
Unknown command.
The magic dart hits the two-headed ogre.
The two-headed ogre is lightly wounded.
The magic dart hits the two-headed ogre.
The two-headed ogre is lightly wounded.
The magic dart hits the two-headed ogre.
The two-headed ogre is lightly wounded.
The magic dart hits the two-headed ogre.
The two-headed ogre is lightly wounded.
The magic dart hits the two-headed ogre.
The two-headed ogre is lightly wounded.
The magic dart hits the two-headed ogre!
The two-headed ogre is moderately wounded.
The magic dart hits the two-headed ogre.
The two-headed ogre is heavily wounded.
The two-headed ogre hits you with a +0 giant club!!
Ouch! That really hurt!
* * * LOW HITPOINT WARNING * * *
The two-headed ogre hits you with a +0 giant spiked club!!
Ouch! That really hurt!
You die...

#......#........#.
#......#......##.#
#..........##.####
#......###.##.....
#...#..# #.#######
#...#..# .##
#....#.# #
.#######..###..
......O@.## #.#
........## ##..
......... ##.##.
.#######..###..# .
##.#.... #.##)####
#..))...#
#.##.##)#
#.##.##.######


You could see a two-headed ogre.

Vanquished Creatures
  An ice beast (D:4)
  A hound (D:5)
  A sleepcap (D:4)
  2 iguanas (D:4)
  Natasha (thrice) (D:4 D:3)
  An orc wizard (D:5)
  5 adders
  4 gnolls (D:4)
  6 orcs
  8 ball pythons
  8 endoplasms
  3 giant cockroaches
  10 goblins
  5 hobgoblins
  3 quokkas
  5 bats
  A frilled lizard (D:3)
  5 kobolds
72 creatures vanquished.

Notes
Turn   | Place    | Note
-------+----------+-------------------------------------------
     0 | D:1      | Zonian the Deep Elf Conjurer began the quest for the Orb.
     0 | D:1      | Reached XP level 1. HP: 10/10 MP: 6/6
   411 | D:1      | Reached XP level 2. HP: 15/15 MP: 6/8
  1279 | D:2      | Reached XP level 3. HP: 19/19 MP: 6/10
  2708 | D:3      | Found Igakhluc's Armour Shoppe.
  2910 | D:3      | Reached XP level 4. HP: 24/24 MP: 8/11
  3785 | D:4      | Reached skill level 5 in Conjurations
  3806 | D:4      | Noticed Natasha
  3809 | D:4      | Killed Natasha
  3872 | D:4      | Noticed Natasha
  3878 | D:4      | Killed Natasha
  3879 | D:4      | Reached XP level 5. HP: 26/28 MP: 7/13
  4585 | D:4      | HP: 1/28 [sleepcap (8)]
  4938 | D:4      | Noticed an ice beast
  5075 | D:3      | Learned a level 2 spell: Searing Ray
  5079 | D:3      | Learned a level 3 spell: Dazzling Flash
  5119 | D:4      | Noticed Natasha
  5127 | D:3      | Killed Natasha
  5356 | D:4      | Noticed Duvessa
  5358 | D:4      | Noticed Dowan
  5397 | D:4      | Reached XP level 6. HP: 32/32 MP: 6/15
  5705 | D:4      | Reached skill level 5 in Spellcasting
  5705 | D:4      | Reached skill level 1 in Hexes
  5835 | D:4      | Killed an ice beast
  5868 | D:5      | Entered Level 5 of the Dungeon
  5992 | D:5      | Reached skill level 5 in Stealth
  6150 | D:5      | Noticed a two-headed ogre
  6157 | D:5      | Mangled by a two-headed ogre

Illustrated notes

Levels and vault maps discovered:
D:1:      minmay_arrival_semitransparent, layout_basic, roderic_serpentine_path
D:2:      layout_basic
D:3:      layout_basic, serial_shops, shop, serial_forest,
          infiniplex_forest_straight_2, infiniplex_forest_lined_ring,
          infiniplex_forest_clump_medium, infiniplex_forest_end_1
D:4:      layout_gridville, hangedman_decor_slide_cut, minmay_box_of_dots,
          uniq_natasha, uniq_crazy_yiuf_cottage, uniq_duvessa
D:5:      layout_loops_cross, hellmonk_okawaru_the_only_friend_you_need,
          serial_shops, shop, chequers_serial_rivers_micro_a,
          kennysheep_small_spiral

Skill      XL: |  1  2  3  4  5  6 |
---------------+-------------------+-----
Dodging        | 3 4 |  4.7
Stealth        | 3 4 5 |  5.0
Spellcasting   | 4 5 |  5.3
Conjurations   | 5 |  5.8
Hexes          | 2 |  2.0

Action                     |  1- 3 |  4- 6 || total
---------------------------+-------+-------++-------
  Melee: Dagger            |       |     6 ||     6
   Fire: Sling             |    10 |       ||    10
   Cast: Magic Dart        |    63 |   148 ||   211
         Searing Ray       |       |     1 ||     1
  Evoke: Wand              |       |     2 ||     2
    Use: Scroll            |     1 |     5 ||     6
         Potion            |       |     1 ||     1
 Armour: Robe              |     7 |    37 ||    44
  Dodge: Dodged            |    12 |    22 ||    34

Table legend: (Time is in decaauts)
 A = Elapsed time spent in this place.
 B = Non-inter-level travel time spent in this place.
 C = Inter-level travel time spent in this place.
 D = Time resting spent in this place.
 E = Time spent auto-exploring this place.
 F = Levels seen in this place.
 G = Mean time per level.
                   A        B        C        D        E       F      G
               +--------+--------+--------+--------+--------+-----+--------+
         Total |   6160 |   5849 |    311 |   2127 |   3097 |   5 | 1232.0 |
       Dungeon |   6160 |   5849 |    311 |   2127 |   3097 |   5 | 1232.0 |
               +--------+--------+--------+--------+--------+-----+--------+

Top non-repeatable levels by time:
     D:3: 2029 daAuts
     D:2: 1519 daAuts
     D:4: 1357 daAuts
     D:1: 966 daAuts
     D:5: 288 daAuts
